AoeStats
← Lancia57DxD

Black Forest

508256687Analyzed
4v4 RM · 12d ago on Sep 21, 2026· 49m 37s· 8 players
Game mode
Random Map
Map size
Large (8 player)
Population
200
Speed
Normal
Resources
Standard
Victory
Conquest
Starting age
Dark Age
Ending age
Imperial Age
RankedLock teamsTeams togetherTeam positionsShared explorationLock speedFull tech treeHidden civsTurbo modeCheats
Victory
Defeat
🇫🇷 Italians · France
1061
+15
🇳🇱 Franks · Netherlands
1059
+15
🇹🇷 Khmer · Türkiye
1026
+17
🇧🇷 Bohemians · Brazil
1015
+17
🇨🇿 Persians · Czechia
1060
-17
🇹🇼 Poles · Taiwan
1048
-16
🇮🇩 Japanese · Indonesia
1048
-16
🇹🇼 Teutons · Taiwan
1020
-35
Lancia57DxD
2:39 Loom
11:16 Feudal Age
12:38 Double-Bit Axe
13:30 Fletching
17:18 Wheelbarrow
20:41 Castle Age
20:09 Padded Archer Armor
21:12 Horse Collar
21:45 Bow Saw
21:24 Elite Skirmisher
22:23 Leather Archer Armor
22:19 Town Watch
22:37 Pikeman
24:38 Thumb Ring
25:30 Fortified Wall
26:54 Masonry
27:33 Bodkin Arrow
28:00 Treadmill Crane
28:51 Heavy Plow
33:12 Hand Cart
34:17 Gold Mining
34:19 Stone Mining
34:44 Bloodlines
34:35 Husbandry
33:56 Light Cavalry
34:45 Husbandry
40:57 Imperial Age
39:06 Stone Shaft Mining
39:11 Scale Barding Armor
39:17 Forging
42:25 Iron Casting
43:12 Conscription
43:38 Chain Barding Armor
45:04 Blast Furnace
46:01 Chemistry
45:24 Ballistics
45:01 Murder Holes
45:45 Winged Hussar
47:00 Crop Rotation
DekaJe
0:34 Loom
16:08 Feudal Age
19:08 Fletching
19:29 Forging
19:22 Scale Mail Armor
19:33 Padded Archer Armor
19:39 Scale Barding Armor
21:47 Castle Age
19:37 Double-Bit Axe
21:54 Gold Mining
34:21 Yasama
35:19 Pikeman
36:47 Chain Mail Armor
36:29 Fletching
41:53 Imperial Age
41:01 Guard Tower
41:22 Fortified Wall
41:09 Murder Holes
41:13 Bodkin Arrow
41:54 Iron Casting
41:41 Chain Barding Armor
43:37 Fortified Wall
44:15 Wheelbarrow
Lovatý čávo
11:41 Feudal Age
16:42 Castle Age
15:02 Double-Bit Axe
14:58 Horse Collar
16:52 Gold Mining
17:18 Heavy Plow
17:31 Bow Saw
24:51 Stone Mining
29:33 Imperial Age
27:41 Wheelbarrow
27:29 Forging
28:52 Ballistics
31:05 Chemistry
30:23 Hand Cart
30:32 Scale Barding Armor
30:19 Fletching
30:29 Padded Archer Armor
30:24 Elite Skirmisher
31:09 Padded Archer Armor
32:14 Gold Shaft Mining
32:47 Two-Man Saw
32:04 Bloodlines
31:54 Husbandry
32:54 Cavalier
39:26 Iron Casting
39:12 Chain Barding Armor
38:47 Bodkin Arrow
40:50 Savar
44:19 Blast Furnace
45:29 Plate Barding Armor
konakonachan
3:38 Loom
10:38 Feudal Age
11:13 Horse Collar
12:25 Double-Bit Axe
14:36 Wheelbarrow
14:04 Town Watch
23:15 Castle Age
24:14 Bloodlines
24:24 Hand Cart
26:07 Scale Barding Armor
26:12 Forging
28:15 Gold Mining
28:30 Fishing Lines
30:06 Heavy Plow
30:52 Stone Mining
31:12 Devotion
34:04 Iron Casting
36:41 Imperial Age
36:49 Cavalier
37:54 Town Watch
40:58 Chain Barding Armor
41:38 Blast Furnace
42:14 Paladin
44:07 Masonry
49:00 Blast Furnace
Toompower
1:06 Loom
12:06 Feudal Age
12:54 Double-Bit Axe
13:46 Wheelbarrow
13:52 Fishing Lines
17:32 Town Watch
20:17 Castle Age
20:14 Stone Mining
22:03 Gold Mining
23:12 Gillnets
24:20 Gold Shaft Mining
25:49 Bow Saw
26:24 Hand Cart
26:25 Fletching
26:46 Forging
26:42 Scale Barding Armor
29:53 Imperial Age
28:13 Scale Barding Armor
29:27 Town Patrol
29:40 Forging
30:01 Husbandry
30:23 Cavalier
31:49 Conscription
32:36 Chain Barding Armor
32:52 Iron Casting
35:04 Paladin
37:33 Plate Barding Armor
38:24 Blast Furnace
36:48 Pikeman
37:29 Squires
37:34 Halberdier
38:00 Gambesons
38:01 Arson
39:01 Scale Mail Armor
40:51 Bodkin Arrow
41:11 Chain Mail Armor
43:06 Masonry
44:20 Siege Engineers
44:45 Architecture
46:42 Plate Mail Armor
46:12 Padded Archer Armor
Sesiom
8:15 Loom
14:44 Feudal Age
20:48 Castle Age
21:37 Horse Collar
21:44 Double-Bit Axe
25:45 Fletching
25:56 Padded Archer Armor
25:56 Scale Mail Armor
26:07 Forging
26:09 Bow Saw
28:24 Wagenburg Tactics
29:35 Fervor
30:20 Squires
32:56 Elite Skirmisher
32:58 Crossbowman
34:41 Heavy Plow
36:28 Leather Archer Armor
38:02 Bodkin Arrow
38:23 Chain Mail Armor
42:47 Imperial Age
42:12 Chemistry
41:33 Ballistics
45:02 Wheelbarrow
44:13 Town Watch
45:42 Conscription
45:34 Siege Engineers
47:27 Houfnice
49:28 Elite Hussite Wagon
49:33 Arbalester
Tcharly8
12:25 Feudal Age
10:41 Loom
16:11 Castle Age
14:47 Stone Mining
14:40 Horse Collar
14:54 Fletching
15:02 Double-Bit Axe
16:20 Padded Archer Armor
25:04 Wheelbarrow
25:19 Heavy Plow
30:04 Imperial Age
28:16 Hand Cart
28:24 Bow Saw
30:39 Ballistics
30:20 Gold Mining
30:36 Bodkin Arrow
30:56 Leather Archer Armor
34:02 Ring Archer Armor
33:32 Bracer
34:35 Chemistry
34:41 Elite Genoese Crossbowman
35:42 Crossbowman
38:50 Stone Shaft Mining
38:32 Pirotechnia
39:46 Two-Man Saw
Crimson_Tide
4:12 Loom
9:21 Feudal Age
11:01 Wheelbarrow
10:15 Double-Bit Axe
17:33 Castle Age
19:24 Hand Cart
22:10 Stone Mining
22:35 Horse Collar
24:38 Heavy Plow
25:38 Gold Mining
26:20 Bow Saw
29:34 Imperial Age
28:15 Gold Shaft Mining
28:37 Stone Shaft Mining
28:12 Town Watch
28:56 Town Patrol
29:32 Tusk Swords
30:45 Conscription
30:36 Husbandry
30:55 Bloodlines
30:10 Elite Skirmisher
33:15 Crop Rotation
34:07 Double Crossbow
34:38 Heavy Scorpion
35:42 Elite Ballista Elephant
36:26 Fletching
36:37 Padded Archer Armor
36:39 Scale Mail Armor
37:05 Ballistics
36:59 Scale Barding Armor
37:06 Forging
38:23 Chemistry
37:27 Bodkin Arrow
38:30 Leather Archer Armor
38:38 Chain Barding Armor
38:41 Caravan
40:27 Elite Battle Elephant
48:25 Ring Archer Armor
48:10 Chain Mail Armor
48:18 Chain Mail Armor
48:56 Iron Casting
48:31 Bracer
49:48 Plate Barding Armor
Connection lost

Rejoining the realm…

Still unreachable

The connection could not be restored.

Session expired

The server has moved on; the page needs a fresh start.